 Dungeon Crawl Stone Soup version 0.31.0-11-ge490571c62 (webtiles) character file.

Game seed: 786647844965499594

57088 Flugkiller the Warrior (level 14, 7/138 HPs)
             Began as a Minotaur Fighter on Jan 28, 2024.
             Was the Champion of Okawaru.
             Quit the game on level 2 of the Orcish Mines.
             The game lasted 00:10:03 (24194 turns).

Flugkiller the Warrior (Minotaur Fighter)          Turns: 24194, Time: 00:10:03

Health: 7/138      AC: 27    Str: 24    XL:     14   Next: 44%
Magic:  15/20      EV: 11    Int:  5    God:    Okawaru [******]
Gold:   1266       SH:  8    Dex: 12    Spells: 13/13 levels left

rFire   . . .        l - +5 broad axe (venom)
rCold   . . .        c - +0 buckler
rNeg    . . .        I - +5 plate armour "Ganaffox" {Fly}
rPois   +            (helmet restricted)
rElec   .            i - +0 cloak
rCorr   .            (no gloves)
SInv    .            G - +1 pair of boots {Fly}
Will    +....        (no amulet) Stlth
                     o - ring of poison resistance
HPRegen 0.43/turn    (no ring)
MPRegen 0.17/turn

%: no passive effects
@: mighty, heroic, finesse-ful, marked, flying
A: horns 2, retaliatory headbutt
a: Renounce Religion, Heroism, Finesse, Duel


You were on level 2 of the Orcish Mines.
You worshipped Okawaru.
Okawaru was exalted by your worship.
You visited 3 branches of the dungeon, and saw 19 of its levels.

You collected 1485 gold pieces.
You spent 219 gold pieces at shops.

Inventory:

Hand Weapons
 l - a +5 broad axe of venom (weapon)
   (Okawaru gifted it to you on level 3 of the Lair of Beasts)
Armour
 c - a +0 buckler (worn)
 g - a +0 chain mail
   (You took it off an orc warrior on level 7 of the Dungeon)
 i - a +0 cloak (worn)
   (You took it off Crazy Yiuf on level 2 of the Dungeon)
 F - a +0 plate armour
   (You found it on level 2 of the Lair of Beasts)
 G - a +1 pair of boots of flying (worn)
   (You found it on level 8 of the Dungeon)
 I - the +5 plate armour "Ganaffox" (worn) {Fly}
   (Okawaru gifted it to you on level 3 of the Lair of Beasts)

   Fly:       It grants you flight.
Jewellery
 o - a ring of poison resistance (left hand)
   (You found it on level 1 of the Dungeon)
Wands
 u - a wand of paralysis (12)
   (You took it off Ijyb on level 5 of the Dungeon)
 y - a wand of mindburst (17)
   (You found it on level 8 of the Dungeon)
 A - a wand of iceblast (31)
   (You took it off Pikel on level 6 of the Dungeon)
 B - a wand of light (6)
   (You found it on level 9 of the Dungeon)
Scrolls
 f - 4 scrolls of vulnerability
 j - 3 scrolls of revelation
 k - 4 scrolls of immolation
 t - 12 scrolls of teleportation
 z - a scroll of blinking
 C - 3 scrolls of fear
 E - a scroll of enchant weapon
 H - a scroll of fog {unknown}
Potions
 b - a potion of enlightenment
 d - 4 potions of might
 e - 2 potions of invisibility
 m - a potion of ambrosia
 n - 2 potions of resistance
 p - a potion of magic
 q - 13 potions of curing
 s - 2 potions of mutation
 v - a potion of lignification {unknown}
 w - 2 potions of heal wounds
 J - a potion of brilliance {unknown}
Miscellaneous
 D - a phial of floods
   (You found it on level 5 of the Lair of Beasts)


   Skills:
 * Level 16.6(21.6) Fighting
 * Level 16.4(21.4) Axes
 + Level 12.6(17.6) Armour
 + Level 4.7(9.7) Dodging
 - Level 11.4(16.4) Shields
 + Level 9.5 Invocations


You had 13 spell levels left.
You didn't know any spells.
Your spell library contained the following spells:

 Spells                   Type           Power      Damage    Failure   Level
 Magic Dart               Conj           0%         1d3       98%         1
 Ensorcelled Hibernation  Hex/Ice        0%         N/A       99%         2
 Searing Ray              Conj           0%         2d4       99%         2
 Fugue of the Fallen      Necr           0%         N/A       100%        3
 Sigil of Binding         Hex            0%         N/A       100%        3
 Stone Arrow              Conj/Erth      0%         3d7       100%        3
 Anguish                  Hex/Necr       0%         N/A       100%        4
 Dimensional Bullseye     Hex/Tloc       0%         N/A       100%        4
 Fulminant Prism          Conj/Alch      0%         3d5       100%        4
 Lehudib's Crystal Spear  Conj/Erth      0%         10d2      100%        8
 Call Canine Familiar     Summ           Unusable   N/A       N/A         3
 Animate Armour           Summ/Erth      Unusable   N/A       N/A         4

Dungeon Overview and Level Annotations

Branches:
Dungeon (12/15)            Temple (0/1) D:7            Lair (5/5) D:10
 Shoals (0/4) Lair:3        Snake (0/4) Lair:3        Slime (0/5) Lair:5
    Orc (2/2) D:9             Elf (0/3) Orc:2

Altars:
Ashenzari
Fedhas
Nemelex Xobeh
Okawaru
Ru
Sif Muna
Trog
Uskayaw
Wu Jian
Zin

Shops:
D:4 (   D:7 ?

Annotations:
D:4 1 runed translucent door, Daviar's ghost, weakling HuDe
D:11 2 transporters, drock's ghost, journeyman DjMo


Innate Abilities, Weirdness & Mutations

You have a pair of horns on your head.
You reflexively headbutt those who attack you in melee.


Message History

* * * LOW HITPOINT WARNING * * *
You are too injured to fight recklessly!
You are too injured to fight recklessly!
You are too injured to fight recklessly!
You slice the orc knight!!
You kill the orc knight!
Okawaru accepts your kill.
You closely miss the orc warrior.
An orc warrior comes into view. It is wielding a +0 battleaxe.
An orc knight comes into view. It is wielding a +0 arbalest.
You block the orc warrior's attack.
Items here: )))).
Unknown command.
You slash the orc knight!
The orc knight is poisoned.
Your headbutt misses the orc knight.
The orc knight is lightly wounded.
You slice the orc warrior!!
You kill the orc warrior!
Okawaru accepts your kill.
You cut the orc warrior into ribbons!!!
You kill the orc warrior!
Okawaru accepts your kill.
Unknown command.
You slice the orc knight!!
The orc knight looks as sick as possible!
You headbutt the orc knight!!
The orc knight is almost dead.
You kill the orc knight!
Okawaru accepts your kill.
The orc warrior shoots an arrow.
You block the arrow.
An orc warrior comes into view. It is wielding a +0 long sword.
The orc warrior shoots an arrow.
The arrow barely misses you.
Unknown command.
An orc warrior comes into view. It is wielding a +0 trident.
The centaur shoots an arrow.
The arrow hits you but does no damage.
A centaur comes into view.
A warg comes into view.
An orc warrior comes into view. It is wielding a +0 orcbow.
A troll comes into view.
An orc warrior comes into view. It is wielding a +0 orcbow.
Things that are here:
a +0 arbalest; a +0 great mace; an orc corpse Unknown command.
You barely miss the orc warrior. You headbutt the orc warrior!
The orc warrior is moderately wounded.
Unknown command.
You slash the orc warrior!
The orc warrior looks as sick as possible!
The orc warrior is severely wounded.
Unknown command.
You slash the centaur!
The centaur looks as sick as possible!
You headbutt the centaur, but do no damage.
The centaur is severely wounded.
You slash the orc warrior!
You kill the orc warrior!
Okawaru accepts your kill.
You kill the centaur!
Okawaru accepts your kill.
The orc warrior shoots an arrow.
The arrow misses you.
The orc knight roars a battlecry!
The orc warriors go into a battle-frenzy!
A centaur comes into view.
Unknown command.
You slice the orc warrior!!
You kill the orc warrior!
Okawaru accepts your kill.
The centaur wields a +0 orcbow.
The centaur shoots an arrow.
The arrow hits you.
* * * LOW HITPOINT WARNING * * *
Unknown command.
Okay, then. 2 orc warriors come into view.
You block the orc warrior's attack.
An orc warrior comes into view. It is wielding a +0 orcbow.
The orc warrior closely misses you. You furiously retaliate!
You headbutt the orc warrior!
The orc warrior unwields a +0 orcbow.
The orc warrior wields a +0 war axe.
You block the orc warrior's attack.
Items here: ))) [ ††.
Unknown command.
You slash the orc warrior!
The orc warrior is poisoned.
The orc warrior is severely wounded.
You slice the orc warrior!!
You kill the orc warrior!
Okawaru accepts your kill.
You slice the orc warrior!!
The orc warrior looks as sick as possible!
The orc warrior hits you but does no damage.
An orc warrior comes into view. It is wielding a +0 orcbow.
The orc warrior hits you with a +0 glaive!!
* * * LOW HITPOINT WARNING * * *
You block the orc warrior's attack.
Unknown command.
You closely miss the orc warrior.
The orc warrior is severely wounded.
You slash the orc!
You kill the orc!
You hit the orc warrior.
The orc warrior looks as sick as possible!
The centaur shoots an arrow.
You block the arrow.
Unknown command.
Are you sure you want to abandon this character and quit the game? (Confirm with "yes".)

..... ...... .......
....... ......
.........#......≈
................#.....≈≈
.....................o.o
.................oh...o.
................#ooooo≈≈
...............o#)oo...≈
.#......<.$....)@oo.o...
..#.........))))#.......
.####..#....#()c##......
## #...#.........##..##.
#####............c.....
##.#.........#)..c......
#......#......#..#######
.#................#
.#...)))..........#


You could see an orc knight, a warg, 13 orc warriors, a centaur and an orc
(strong).

Vanquished Creatures
  A fire dragon (Lair:5)
  A centaur warrior (Orc:2)
  5 hydras
  4 two-headed ogres
  3 boulder beetles
  A hell hog (Lair:5)
  Urug (Orc:1)
  A swamp dragon (Lair:5)
  Pikel (D:6)
  2 orc knights (Orc:2)
  Maurice (D:7)
  13 elephants
  4 kobold blastminers (Orc:2)
  7 black mambas
  A torpor snail (Lair:3)
  A merfolk siren (Lair:3)
  13 cane toads
  A kobold demonologist (D:10)
  5 rime drakes
  11 komodo dragons
  8 trolls
  11 polar bears (Lair:5)
  7 blink frogs
  2 raiju (Lair:5)
  A hornet (D:11)
  6 dream sheep (Lair:5)
  A wyvern (Lair:5)
  A ynoxinul (D:8)
  45 yaks
  3 basilisks
  4 steam dragons
  8 wargs
  Menkaure (D:4)
  19 water moccasins
  An acid dragon (D:9)
  Duvessa (D:6)
  13 hell hounds (Lair:5)
  An ice beast (D:8)
  A swamp drake (Lair:5)
  5 ogres
  13 orc warriors
  11 black bears (Lair:5)
  4 sky beasts
  24 wolves
  11 centaurs
  11 kobold brigands
  3 bullfrogs
  A gnoll sergeant (D:8)
  4 scorpions
  18 wights
  Dowan (D:6)
  9 killer bees
  4 howler monkeys
  3 electric eels
  3 jellies
  A bombardier beetle (D:5)
  3 hounds
  5 orc priests
  Crazy Yiuf (D:2)
  3 iguanas
  Ijyb (D:5)
  8 orc wizards
  Robin (D:4)
  4 adders
  4 gnolls (D:9)
  3 white imps
  3 dart slugs
  A ribbon worm (D:4)
  42 orcs
  2 bats
  7 endoplasms
  A giant cockroach (D:1)
  12 goblins
  12 hobgoblins
  4 jackals (D:3)
  2 ball pythons (D:1)
  4 frilled lizards (D:1)
  27 kobolds
  3 rats
490 creatures vanquished.

Notes
Turn   | Place    | Note
-------+----------+-------------------------------------------
     0 | D:1      | Flugkiller the Minotaur Fighter began the quest for the
                  | Orb.
     0 | D:1      | Reached XP level 1. HP: 19/19 MP: 0/0
   162 | D:1      | Reached XP level 2. HP: 27/27 MP: 1/1
  1075 | D:2      | Found a runed translucent door.
  1076 | D:2      | Noticed Crazy Yiuf
  1227 | D:2      | Killed Crazy Yiuf
  1228 | D:2      | Reached XP level 3. HP: 14/34 MP: 2/2
  1379 | D:3      | Noticed an ogre
  1502 | D:3      | Killed an ogre
  1503 | D:3      | Reached skill level 5 in Fighting
  1503 | D:3      | Reached XP level 4. HP: 42/42 MP: 3/3
  1503 | D:3      | Reached XP level 5. HP: 48/48 MP: 4/4
  1591 | D:3      | Found a sacrificial altar of Ru.
  1717 | D:3      | Found a broken altar of Ashenzari.
  1840 | D:3      | Found a faded altar of an unknown god.
  1896 | D:3      | Prayed at the altar of an unknown god.
  1896 | D:3      | Became a worshipper of Warmaster Okawaru
  1896 | D:3      | Reached * piety under Okawaru
  2280 | D:4      | Found Yvughumn's Weapon Shop.
  2405 | D:4      | Noticed Daviar's ghost (weakling HuDe)
  2409 | D:4      | Found a runed translucent door.
  2440 | D:4      | Noticed Menkaure
  2446 | D:4      | Killed Menkaure
  2447 | D:4      | Reached skill level 5 in Axes
  2447 | D:4      | Reached XP level 6. HP: 38/57 MP: 5/5
  2542 | D:4      | Reached skill level 1 in Invocations
  2798 | D:4      | Noticed Robin
  2809 | D:4      | Killed Robin
  3279 | D:5      | Entered Level 5 of the Dungeon
  3290 | D:5      | Noticed Ijyb
  3297 | D:5      | Paralysed by Ijyb for 4 turns
  3301 | D:5      | Killed Ijyb
  3435 | D:5      | Reached ** piety under Okawaru
  3436 | D:5      | Reached skill level 5 in Armour
  3481 | D:5      | Found an ornate altar of the Wu Jian Council.
  3530 | D:5      | Reached XP level 7. HP: 63/63 MP: 7/7
  3563 | D:5      | Reached skill level 5 in Shields
  4614 | D:4      | Bought a +1 war axe of electrocution for 219 gold pieces
  4726 | D:6      | Noticed Pikel
  4737 | D:6      | Killed Pikel
  4737 | D:6      | Reached *** piety under Okawaru
  4738 | D:6      | Reached XP level 8. HP: 61/73 MP: 7/9
  4782 | D:6      | Identified the +9 dagger of Resourcefulness {drain, Int+2}
  5225 | D:6      | Found a hide-covered altar of Uskayaw.
  5235 | D:6      | Reached **** piety under Okawaru
  5339 | D:6      | Found a sparkling altar of Nemelex Xobeh.
  5422 | D:6      | Noticed Duvessa
  5422 | D:6      | Noticed Dowan
  5431 | D:6      | Killed Duvessa
  5435 | D:6      | Killed Dowan
  5682 | D:7      | Found Kiovvuel's Magic Scroll Boutique.
  5924 | D:7      | Reached XP level 9. HP: 82/82 MP: 10/10
  6351 | D:6      | Reached ***** piety under Okawaru
  6722 | D:7      | Noticed Maurice
  6736 | D:7      | Killed Maurice
  6736 | D:7      | Received a gift from Okawaru
  6983 | D:7      | Found a staircase to the Ecumenical Temple.
  7248 | D:7      | Found a glowing silver altar of Zin.
  7698 | D:8      | Found a shimmering blue altar of Sif Muna.
  7708 | D:8      | Reached skill level 10 in Fighting
  7730 | D:8      | Found a bloodstained altar of Trog.
  7730 | D:8      | Noticed a troll
  7735 | D:8      | Killed a troll
  7736 | D:8      | Reached XP level 10. HP: 85/93 MP: 12/12
  7958 | D:8      | Reached skill level 5 in Invocations
  7959 | D:8      | Reached skill level 10 in Axes
  9160 | D:9      | Noticed a two-headed ogre
  9168 | D:9      | Killed a two-headed ogre
  9552 | D:9      | Received a gift from Okawaru
  9556 | D:9      | Reached XP level 11. HP: 72/102 MP: 14/14
 10082 | D:9      | Found a staircase to the Orcish Mines.
 10464 | D:10     | Entered Level 10 of the Dungeon
 10742 | D:10     | Received a gift from Okawaru
 10846 | D:10     | You fall into a shaft and drop 2 floors!
 10863 | D:11     | Found a transporter.
 10867 | D:11     | Found a transporter.
 11084 | D:10     | Noticed a sixfirhy
 11364 | D:10     | Found a staircase to the Lair.
 11823 | D:10     | Noticed a two-headed ogre
 11831 | D:10     | Killed a two-headed ogre
 12363 | D:11     | Noticed a two-headed ogre
 12366 | D:11     | Noticed drock's ghost (journeyman DjMo)
 12367 | D:11     | Found a bloodstained altar of Trog.
 12377 | D:11     | Noticed a tengu warrior
 12439 | D:11     | Noticed a boulder beetle
 12466 | D:11     | Killed a boulder beetle
 12562 | D:11     | Noticed a two-headed ogre
 12571 | D:11     | Killed a two-headed ogre
 13033 | D:11     | Received a gift from Okawaru
 13521 | Lair:1   | Entered Level 1 of the Lair of Beasts
 13523 | Lair:1   | Noticed a boulder beetle
 13565 | Lair:1   | Reached skill level 10 in Armour
 13565 | Lair:1   | Reached XP level 12. HP: 46/115 MP: 13/16
 13592 | Lair:1   | Killed a boulder beetle
 13593 | Lair:1   | Reached skill level 10 in Shields
 14148 | Lair:1   | Noticed a boulder beetle
 14240 | Lair:1   | Killed a boulder beetle
 14660 | Lair:1   | Received a gift from Okawaru
 15481 | Lair:2   | Identified the +7 dagger "Pazagh" {holy, rF++ SInv}
 15561 | Lair:2   | Identified the +1 leather armour of Tufur {Dex+3}
 15674 | Lair:2   | You fall into a shaft and drop 2 floors!
 15674 | Lair:4   | Noticed a five-headed hydra
 15684 | Lair:4   | Killed a nine-headed hydra
 17037 | Lair:3   | Received a gift from Okawaru
 17351 | Lair:3   | Found a staircase to the Snake Pit.
 17405 | Lair:3   | Reached ****** piety under Okawaru
 17406 | Lair:3   | Acquired a +1 heavy broad axe
 17406 | Lair:3   | Received a gift from Okawaru
 17407 | Lair:3   | Acquired the +5 plate armour "Ganaffox" {Fly}
 17407 | Lair:3   | Received a gift from Okawaru
 17519 | Lair:3   | Reached XP level 13. HP: 93/125 MP: 18/18
 17987 | Lair:3   | Found a staircase to the Shoals.
 18021 | Lair:3   | Received a gift from Okawaru
 19407 | Lair:4   | Reached skill level 15 in Fighting
 20212 | Lair:5   | Entered Level 5 of the Lair of Beasts
 20212 | Lair:5   | Found a blossoming altar of Fedhas.
 20538 | Lair:5   | Received a gift from Okawaru
 20595 | Lair:5   | Reached skill level 1 in Dodging
 20602 | Lair:5   | Reached skill level 15 in Axes
 20844 | Lair:5   | Received a gift from Okawaru
 21073 | Lair:5   | Identified the +5 scale mail of the Pit {rElec Int+3 Dex-5}
 21162 | Lair:5   | Noticed a fire dragon
 21180 | Lair:5   | Killed a fire dragon
 21755 | Lair:5   | Found a staircase to the Slime Pits.
 22299 | Lair:5   | Reached XP level 14. HP: 27/137 MP: 11/19
 22591 | Lair:5   | Received a gift from Okawaru
 23731 | Orc:1    | Entered Level 1 of the Orcish Mines
 23841 | Orc:1    | Noticed Urug
 23853 | Orc:1    | Killed Urug
 24079 | Orc:2    | Entered Level 2 of the Orcish Mines
 24137 | Orc:2    | Found a staircase to the Elven Halls.
 24178 | Orc:2    | Received a gift from Okawaru
 24194 | Orc:2    | Quit the game

Illustrated notes

Levels and vault maps discovered:
D:1:      dpeg_arrival_houses_and_road, layout_basic
D:2:      layout_rooms, uniq_crazy_yiuf_cottage
D:3:      layout_loops_cross, ashenzari_conservatory_becter,
          mainiacjoe_overflow_brackets, basic_ecumenical_altar
D:4:      layout_loops_ring, hellmonk_ghost_happy_afterlife, serial_shops, shop,
          chequers_serial_rivers_micro_e, chequers_serial_rivers_micro_a,
          uniq_menkaure, uniq_robin
D:5:      layout_loops_corners, nzn_wu_jian_contemplation, uniq_ijyb
D:6:      dreamdust_elfheim, layout_loops_ring, nemelex_dance_club_becter,
          nicolae_overflow_crystal_walls, nicolae_underground_beach, uniq_pikel,
          uniq_duvessa
D:7:      layout_cave_pools, zin_statuary, minmay_temple_entry_poolview,
          serial_shops, shop_scrolls, uniq_maurice
D:8:      minmay_general_purpose_star, layout_basic,
          nzn_overflow_gifts_of_might_and_magic, chequers_serial_rivers_room_b
D:9:      layout_cave_pools, kennysheep_orc_monster_closet_entryway
D:10:     layout_stronghold, erik_lair_island
D:11:     layout_stronghold, gammafunk_ghost_wrathful_warriors
D:12:     minmay_the_grid_square_5x5_4x4_mashed
          [minmay_the_grid_square_5x5_detours,
          minmay_the_grid_square_5x5_broken_cross,
          minmay_the_grid_square_5x5_n_small,
          minmay_the_grid_square_5x5_one_wall,
          minmay_the_grid_square_5x5_pentomino_r,
          minmay_the_grid_square_5x5_prize_itemx,
          minmay_the_grid_square_5x5_prize_open,
          minmay_the_grid_square_5x5_inner_v,
          minmay_the_grid_square_5x5_minivault,
          minmay_the_grid_square_5x5_prize_rear_guard,
          minmay_the_grid_square_5x5_prize_snowflake,
          minmay_the_grid_square_5x5_slash, minmay_the_grid_square_5x5_forky,
          minmay_the_grid_square_5x5_three_walls,
          minmay_the_grid_square_5x5_doubleslash,
          minmay_the_grid_square_5x5_dogpile], layout_cave_pools
Lair:1:   layout_loops_ring, grunt_megastairs_4
Lair:2:   layout_roguey, beast_lair_carwin_10, serial_bayou_shore_b,
          infiniplex_staircase_pool_2
Lair:3:   layout_cave_pods, mainiacjoe_shoals_entry_four_pools,
          minmay_snake_entry_six_corridors
Lair:4:   layout_cave_pods
Lair:5:   hangedman_lair_caniforms_friends, layout_hall_layers,
          guppyfry_lair_end_dragon, slime_entry_1, basic_altar,
          hangedman_lair_unloving_vines
Orc:1:    layout_caves, basic_altar, uniq_urug
Orc:2:    st_orc_rangers, layout_caves

Skill      XL: |  1  2  3  4  5  6  7  8  9 10 11 12 13 14 |
---------------+-------------------------------------------+-----
Fighting       | 4 5 6 7 8 10 11 13 14 16 | 16.6
Axes           | 3 4 5 6 8 9 11 12 14 15 16 | 16.4
Armour         | 4 5 6 7 8 10 11 12 | 12.6
Shields        | 4 5 6 7 8 9 11 | 11.4
Invocations    | 1 2 3 4 5 7 8 9 |  9.5
Dodging        | 3 4 |  4.7

Action                     |  1- 3 |  4- 6 |  7- 9 | 10-12 | 13-15 || total
---------------------------+-------+-------+-------+-------+-------++-------
  Melee: War axe           |    61 |    82 |   207 |   499 |       ||   849
         Headbutt          |     4 |    13 |    30 |   125 |   119 ||   291
         Broad axe         |       |       |       |    26 |   464 ||   490
 Invoke: Heroism           |       |       |       |     5 |     6 ||    11
         Receive Weapon    |       |       |       |     1 |       ||     1
         Receive Armour    |       |       |       |     1 |       ||     1
         Finesse           |       |       |       |       |     2 ||     2
  Evoke: Wand              |       |       |     5 |     4 |       ||     9
    Use: Potion            |     2 |       |       |       |     2 ||     4
         Scroll            |       |       |    12 |    10 |     5 ||    27
   Stab: Paralysed         |       |       |     4 |       |       ||     4
 Armour: Scale mail        |    38 |    53 |    86 |       |       ||   177
         Chain mail        |       |       |    91 |   417 |       ||   508
         Skin              |       |       |     8 |       |       ||     8
         Plate armour      |       |       |       |    76 |   574 ||   650
  Dodge: Dodged            |    29 |    32 |    76 |   187 |   204 ||   528
  Block: Buckler           |    12 |    15 |    55 |   138 |   207 ||   427
